 Dungeon Crawl Stone Soup version 0.18.1-8-gdd0e5ea (webtiles) character file.

7 Shearov the Firebug (level 2, -2/15 HPs)
             Began as a Kobold Fire Elementalist on May 31, 2016.
             Slain by a giant gecko (5 damage)
             ... on level 1 of the Dungeon.
             The game lasted 00:00:55 (205 turns).

Shearov the Firebug (Kobold Fire Elementalist)       Turns: 205, Time: 00:00:56

Health: -2/15      AC:  2    Str:  6    XL:     2   Next: 10%
Magic:  0/5        EV: 15    Int: 13    God:
Gold:   3          SH:  0    Dex: 16    Spells: 1 memorised, 4 levels left

rFire  . . .     SeeInvis .     (weapon restricted)
rCold  . . .     Gourm    .     a - +0 robe
rNeg   . . .     Faith    .     (shield restricted)
rPois  .         Spirit   .     (no helmet)
rElec  .         Dismiss  .     (no cloak)
rCorr  .         Reflect  .     (no gloves)
SustAt .         Harm     .     (no boots)
MR     .....                    (no amulet)
Stlth  ++........               (no ring)
                                (no ring)

@: very slightly contaminated, not resistant to hostile enchantments, unstealthy
A: carnivore 3
a: no special abilities


You were on level 1 of the Dungeon.
You were not hungry.

You visited 1 branch of the dungeon, and saw 1 of its levels.

You collected 3 gold pieces.

Inventory:

Armour
 a - a +0 robe (worn)
Scrolls
 e - a scroll of enchant armour {unknown}
Potions
 d - a potion of curing {unknown}
Books
 b - a book of Flames

   Spells                             Type                      Level
   a - Flame Tongue                   Conjuration/Fire             1
   b - Throw Flame                    Conjuration/Fire             2
   c - Conjure Flame                  Conjuration/Fire             3
   d - Inner Flame                    Hexes/Fire                   3
   e - Sticky Flame                   Conjuration/Fire             4
   f - Fireball                       Conjuration/Fire             5
Comestibles
 c - a meat ration


   Skills:
 + Level 0.2 Fighting
 + Level 2.6 Dodging
 + Level 2.6 Stealth
 * Level 2.1 Spellcasting
 + Level 1.0 Conjurations
 + Level 3.2 Fire Magic


You had 4 spell levels left.
You knew the following spells:

 Your Spells              Type           Power        Failure   Level  Hunger
a - Flame Tongue          Conj/Fire      #....        12%         1    ##.....


Dungeon Overview and Level Annotations

Branches:
Dungeon (1/15)

Altars:


Innate Abilities, Weirdness & Mutations

You are small and have problems with some larger weapons.
You are carnivorous and can eat meat at any time.


Message History

Aiming: Flame Tongue
Press: ? - help, Shift-Dir - straight line, f/p - giant gecko
Aim: a giant gecko (moderately wounded, clinging)
The flame tongue hits the giant gecko.
The giant gecko is severely wounded.
The giant gecko bites you.
* * * LOW HITPOINT WARNING * * *
Casting: Flame Tongue
Confirm with . or Enter, or press ? or * to list all spells.
You don't have enough magic to cast that spell.
Unknown command.
You hit the giant gecko but do no damage.
The giant gecko is severely wounded.
The giant gecko misses you.
You closely miss the giant gecko.
The giant gecko is severely wounded.
The giant gecko bites you.
* * * LOW HITPOINT WARNING * * *
The giant gecko bites you.
You die...

....
########.#............#
#.#............#
#.#...###...####
#.#...# #.†.# #.#...#
#.).# #.#...# #.....
#.#...# #...... #.#...#
##..... #@#...# #......
+...l.#...# #.......
#...### #... #.. ###


You could see a giant gecko.

Vanquished Creatures
  A giant gecko (D:1)
  A bat (D:1)
  2 jackals (D:1)
  2 rats (D:1)
6 creatures vanquished.

Notes
Turn   | Place    | Note
--------------------------------------------------------------
     0 | D:1      | Shearov the Kobold Fire Elementalist began the quest for the Orb.
     0 | D:1      | Reached XP level 1. HP: 10/10 MP: 3/3
     2 | D:1      | Noticed a ghoul
     2 | D:1      | Noticed a tengu
     4 | D:1      | Noticed a centaur
     6 | D:1      | Noticed a vampire
     6 | D:1      | Noticed a troll
     8 | D:1      | Noticed a formicid
    10 | D:1      | Noticed a demigod
    10 | D:1      | Noticed a naga
    12 | D:1      | Noticed a gargoyle
    14 | D:1      | Noticed an ogre
    14 | D:1      | Noticed a halfling
    16 | D:1      | Noticed a merfolk
    16 | D:1      | Noticed an elf
    18 | D:1      | Noticed a vine stalker
    18 | D:1      | Noticed a human
    20 | D:1      | Noticed a felid
    20 | D:1      | Noticed a draconian
    22 | D:1      | Noticed a demonspawn
    24 | D:1      | Noticed a dwarf
    24 | D:1      | Noticed a spriggan
    26 | D:1      | Noticed a minotaur
    26 | D:1      | Noticed an octopode
   154 | D:1      | Reached skill level 1 in Conjurations
   178 | D:1      | Reached XP level 2. HP: 6/15 MP: 0/5
   205 | D:1      | Slain by a giant gecko

Skill      XL: |  1 |
---------------+----+-----
Conjurations   | 1 |  1.0
Fighting       | |  0.2
Dodging        | |  2.6
Stealth        | |  2.6
Spellcasting   | |  2.1
Fire Magic     | |  3.2

Action                   || total
-------------------------++-------
Melee: Unarmed           ||     8
 Cast: Flame Tongue      ||    11
Armor: Robe              ||     3
Dodge: Dodged            ||    22
